 Dungeon Crawl Stone Soup version 0.20.1-1-g8b1a95d (webtiles) character file.

135 mopl the Chopper (level 5, -1/40 HPs)
             Began as a Formicid Wanderer on Sept 1, 2017.
             Slain by Crazy Yiuf
             ... wielding a +4 quarterstaff of chaos
              (10 damage)
             ... on level 3 of the Dungeon.
             The game lasted 00:05:05 (2941 turns).

mopl the Chopper (Formicid Wanderer)                Turns: 2941, Time: 00:05:06

Health: -1/40      AC:  4    Str: 17    XL:     5   Next: 42%
Magic:  5/5        EV: 11    Int:  9    God:
Gold:   107        SH:  0    Dex: 10    Spells: 4/4 levels left

rFire    . . .     SeeInvis +   c - +0 hand axe
rCold    . . .     Gourm    .   (no shield)
rNeg     . . .     Faith    .   a - +0 leather armour
rPois    .         Spirit   .   (helmet unavailable)
rElec    .         Reflect  .   (no cloak)
rCorr    .         Harm     .   d - +0 pair of gloves
MR       .....                  (no boots)
Stlth    ++........             (no amulet)
Regen    0.2/turn               o - ring of teleportation (curse)
MPRegen  0.1/turn               t - -3 ring of dexterity (curse)

@: lethally poisoned (-1 -> -5), very slightly contaminated, invisible
A: permanent stasis, dig shafts and tunnels, four strong arms, antennae 3
a: Dig, Shaft Self


You were on level 3 of the Dungeon.
You were not hungry.

You visited 1 branch of the dungeon, and saw 3 of its levels.

You collected 107 gold pieces.

Inventory:

Hand Weapons
 c - a +0 hand axe (weapon)
 u - a +1 halberd of flaming
Missiles
 b - 2 throwing nets (quivered)
 i - 30 poisoned needles
Armour
 a - a +0 leather armour (worn)
 d - a +0 pair of gloves (worn)
Jewellery
 o - a cursed ring of teleportation (left hand)
 t - a cursed -3 ring of dexterity (right hand)
Scrolls
 e - a scroll of noise {unknown}
 j - a scroll of blinking {unknown}
 m - 2 scrolls of remove curse {unknown}
 n - 2 scrolls of amnesia {unknown}
 p - 2 scrolls of identify {unknown}
 q - a scroll of immolation {unknown}
 r - a scroll of magic mapping {unknown}
 v - a scroll of enchant weapon {unknown}
Potions
 g - a potion of curing {unknown}
 k - a potion of brilliance {unknown}
 l - a potion of lignification {unknown}
Comestibles
 f - a bread ration
 h - a meat ration
 s - 10 chunks of flesh


   Skills:
 + Level 2.9 Fighting
   Level 2.0 Long Blades
 * Level 4.4 Axes
 + Level 2.2 Armour
 - Level 1.0 Dodging
 - Level 2.4 Stealth
   Level 1.2 Shields


You had 4 spell levels left.
You didn't know any spells.

Dungeon Overview and Level Annotations

Branches:
Dungeon (3/15)

Altars:

Annotations:
D:3 Crazy Yiuf


Innate Abilities, Weirdness & Mutations

You cannot be hasted, slowed, berserked, paralysed or teleported.
You can dig through walls and to a lower floor.
Your four strong arms can wield two-handed weapons with a shield.
You have a pair of large antennae on your head. (SInv)


Message History

You feel sick.
Crazy Yiuf struggles against the net.
Crazy Yiuf whimpers, "Mountain return to song forty-two!"
Crazy Yiuf struggles against the net.
Unknown command.
You hit Crazy Yiuf.
Crazy Yiuf is severely wounded.
You feel sick.
Crazy Yiuf struggles against the net.
You barely miss Crazy Yiuf.
Crazy Yiuf is severely wounded.
You feel sick.
Crazy Yiuf struggles against the net.
The net rips apart, and Crazy Yiuf comes free!
Crazy Yiuf closely misses you.
You closely miss Crazy Yiuf.
Crazy Yiuf is severely wounded.
Crazy Yiuf barely misses you.
You hit Crazy Yiuf.
Crazy Yiuf is almost dead.
You feel sick. Crazy Yiuf misses you.
Crazy Yiuf hits you with a quarterstaff of chaos!
You die...

...(.#...#.###.#
##...8.
####.#...#.....#
########..#...
#(.........>.
..............
#<#.)...#####
########.####.
####.#.....# #.# .
.....#..####
#######.# .
#.####.....#
########)#)....##
. #.......####
#)))##))#)......#
. #####......#
#(g@')####......##
. #.#.#### #)))###
###.....##. #.#.#
##### ###....#.
#.#.# #..)...
#.#.# #....##
#.#.# ### ###
#...## #.#.# #.#
#.# #.#.## #.#.#
#.# #.# #.#.#
#.#.###.###.# #.#
#.#.#


You could see Crazy Yiuf.

Vanquished Creatures
  3 gnolls
  3 adders
  2 worms
  5 dart slugs
  An orc (D:2)
  5 bats
  4 giant cockroaches
  9 hobgoblins
  2 jackals (D:1)
  2 ball pythons (D:1)
  5 frilled lizards
  6 goblins
  4 kobolds
  12 rats
63 creatures vanquished.

Notes
Turn   | Place    | Note
-------+----------+-------------------------------------------
     0 | D:1      | mopl the Formicid Wanderer began the quest for the Orb.
     0 | D:1      | mopl set off with: a +0 leather armour, 4 throwing nets, a +0 hand axe, a +0 falchion, a +0 dagger, a bread ration
     0 | D:1      | Reached XP level 1. HP: 15/15 MP: 1/1
   182 | D:1      | Reached XP level 2. HP: 20/21 MP: 2/2
   235 | D:1      | HP: 1/21 [worm (3)]
   687 | D:1      | Reached XP level 3. HP: 23/27 MP: 3/3
   690 | D:1      | Reached skill level 1 in Armour
   696 | D:1      | Reached skill level 2 in Fighting
  1365 | D:2      | Reached XP level 4. HP: 13/34 MP: 4/4
  2151 | D:2      | Reached skill level 4 in Axes
  2486 | D:2      | Reached skill level 2 in Armour
  2486 | D:2      | Reached XP level 5. HP: 32/39 MP: 5/5
  2920 | D:3      | Found a runed door.
  2924 | D:3      | Noticed Crazy Yiuf
  2941 | D:3      | Slain by Crazy Yiuf

Skill      XL: |  1  2  3  4 |
---------------+-------------+-----
Armour         | 1 2 |  2.2
Fighting       | 2 |  2.9
Axes           | 4 |  4.4
Long Blades    | |  2.0
Dodging        | |  1.0
Stealth        | |  2.4
Shields        | |  1.2

Action                   |  1- 3 |  4- 6 || total
-------------------------+-------+-------++-------
Melee: Hand axe          |   132 |   114 ||   246
Throw: Throwing net      |       |     2 ||     2
 Abil: Dig               |     1 |       ||     1
 Stab: Sleeping          |     5 |     1 ||     6
  Eat: Chunk             |     2 |     1 ||     3
       Bread ration      |       |     1 ||     1
Armor: Leather armour    |    43 |    31 ||    74
Dodge: Dodged            |    79 |    76 ||   155
